 Dungeon Crawl Stone Soup version 0.29-a0-322-g68df515428 (webtiles) character file.

Game seed: 16191479469931107170

3699 spaghetti the Magician (level 10, -2/74 HPs)
             Began as a Gnoll Earth Elementalist on Apr 8, 2022.
             Was an Elder of Nemelex Xobeh.
             Slain by a gnoll
             ... wielding a +0 spear
              (3 damage)
             ... on level 8 of the Dungeon.
             The game lasted 00:17:34 (10634 turns).

spaghetti the Magician (Gnoll Earth Elementalist)  Turns: 10634, Time: 00:17:34

Health: -2/74      AC:  4    Str: 21    XL:     10   Next: 13%
Magic:  16/20      EV: 14    Int: 22    God:    Nemelex Xobeh [****..]
Gold:   438        SH:  0    Dex: 13    Spells: 13/23 levels left

rFire   . . .      SeeInvis +   w - +9 mace of Demonic Honour {venom, Str+2 Int+3, mace}
rCold   . . .      Faith    +   (no shield)
rNeg    . . .      Spirit   .   b - +0 robe
rPois   .          Reflect  .   (helmet restricted)
rElec   .          Harm     .   v - +0 cloak
rCorr   .          Rampage  .   n - +0 pair of gloves
Will    .....                   (no boots)
Stlth   +++.......              q - amulet of faith {!P}
HPRegen 0.22/turn               Z - +6 ring of strength
MPRegen 0.17/turn               m - +6 ring of strength

@: elixired
A: fangs 1, strong nose, distributed training, antennae 1, see invisible
a: Renounce Religion, Draw Escape, Draw Destruction, Draw Summoning, Triple
Draw, Deal Four


You were on level 8 of the Dungeon.
You worshipped Nemelex Xobeh.
Nemelex Xobeh was greatly pleased with you.
You visited 1 branch of the dungeon, and saw 8 of its levels.

You collected 438 gold pieces.


Innate Abilities, Weirdness & Mutations

You have very sharp teeth.
Your uncanny sense of smell can sniff out nearby items.
Your experience applies equally to all skills.
You have a pair of small antennae on your head.
You have supernaturally acute eyesight. (SInv)


   Skills:
 + Level 5.0 Fighting
 + Level 5.0 Short Blades
 + Level 5.0 Long Blades
 + Level 5.0 Axes
 + Level 5.0 Maces & Flails
 + Level 5.0 Polearms
 + Level 5.0 Staves
 + Level 5.0 Slings
 + Level 5.0 Bows
 + Level 5.0 Crossbows
 + Level 5.0 Throwing
 + Level 5.0 Armour
 + Level 6.8 Dodging
 + Level 6.6 Stealth
 + Level 5.0 Shields
 + Level 5.0 Unarmed Combat
 + Level 7.1 Spellcasting
 + Level 4.1 Conjurations
 + Level 4.1 Hexes
 + Level 4.1 Summonings
 + Level 4.1 Necromancy
 + Level 4.1 Translocations
 + Level 4.7 Transmutations
 + Level 4.1 Fire Magic
 + Level 4.1 Ice Magic
 + Level 4.1 Air Magic
 + Level 6.9 Earth Magic
 + Level 4.1 Poison Magic
 + Level 5.5 Invocations
 + Level 5.0 Evocations


You had 13 spell levels left.
You knew the following spells:

 Your Spells              Type           Power      Damage    Failure   Level
a - Sandblast             Erth           76%        2d16      1%          1
b - Passwall              Tmut/Erth      27%        N/A       1%          2
c - Stone Arrow           Conj/Erth      64%        3d11      2%          3
d - Petrify               Tmut/Erth      33%        N/A       8%          4

Your spell library contained the following spells:

 Spells                   Type           Power      Damage    Failure   Level
 Tukima's Dance           Hex            26%        N/A       4%          3
 Passage of Golubria      Tloc           26%        N/A       14%         4
 Yara's Violent Unravell  Hex/Tmut       13%        3d7       36%         5

Inventory:

Hand Weapons
 w - the +9 mace of Demonic Honour (weapon) {venom, Str+2 Int+3, mace}
   (You found it on level 6 of the Dungeon)

   It poisons the flesh of those it strikes.
   Str:       It affects your strength (+2).
   Int:       It affects your intelligence (+3).
Missiles
 a - 407 stones (quivered) {throwing}
 f - 15 poisoned darts {throwing}
 i - 7 curare-tipped darts {=fthrowing}
 u - 4 boomerangs of dispersal {=f!fthrowing}
 F - a javelin {throwing}
 M - 6 boomerangs {throwing}
Armour
 b - a +0 robe (worn)
 n - a +0 pair of gloves (worn)
   (You found it on level 1 of the Dungeon)
 v - a +0 cloak (worn)
   (You took it off Crazy Yiuf on level 6 of the Dungeon)
Magical Staves
 Y - a staff of death {!astaff}
   (You found it on level 4 of the Dungeon)
Jewellery
 e - a ring of positive energy
   (You found it on level 1 of the Dungeon)
 h - a +6 ring of strength
   (You found it on level 4 of the Dungeon)
 l - the ring of the Catfish {rElec SInv}
   (You found it on level 5 of the Dungeon)

   [ring of see invisible]

   rElec:     It insulates you from electricity.
   SInv:      It lets you see invisible.
 m - a +6 ring of strength (right hand)
   (You found it on level 1 of the Dungeon)
 q - an amulet of faith (around neck) {!P}
   (You found it on level 1 of the Dungeon)
 y - a ring of protection from cold
   (You found it on level 7 of the Dungeon)
 D - an amulet of guardian spirit
   (You found it on level 2 of the Dungeon)
 H - an amulet of the acrobat
   (You found it on level 7 of the Dungeon)
 Z - a +6 ring of strength (left hand)
   (You found it on level 4 of the Dungeon)
Wands
 s - a wand of digging (5)
   (You took it off Crazy Yiuf on level 6 of the Dungeon)
 E - a wand of acid (2)
   (You found it on level 7 of the Dungeon)
Scrolls
 d - 2 scrolls of fog
 g - 2 scrolls of fear
 j - 2 scrolls of holy word
 o - a scroll of brand weapon
 t - 2 scrolls of noise {!r}
 B - 2 scrolls of vulnerability {!r!r}
 G - 2 scrolls of teleportation {@r4}
 K - a scroll of immolation {unknown}
 O - a scroll of enchant armour {unknown}
 S - 2 scrolls of enchant weapon
Potions
 c - a potion of magic
 k - a potion of experience {unknown}
 p - a potion of lignification {unknown}
 r - 2 potions of cancellation {unknown}
 x - 2 potions of berserk rage {unknown}
 A - a potion of mutation {!q}
 C - 2 potions of might {unknown}
 I - a potion of resistance {unknown}
 J - a potion of ambrosia {unknown}
 L - 2 potions of attraction {unknown}
 N - a potion of invisibility {unknown}
 V - 3 potions of brilliance
 W - 3 potions of curing {@q1}

Dungeon Overview and Level Annotations

Branches:
Dungeon (8/15)             Temple (0/1) D:6
   Lair: D:8-11

Altars:
Dithmenos
Fedhas
Gozag
Makhleb
Nemelex Xobeh
Okawaru
Qazlal
Sif Muna
Yredelemnul
Zin

Shops:
D:7 (   D:8 *

Annotations:
D:3 1 runed translucent door

..#######
..(....F##########
#)Kg@#......#########
#.(()g#######...........
(.((.#..# #..#########
.###...########..######
#######............#
#..........####.#
#.##.#####.# #.# #.##.#
#.# #.# #.##.# ##.##
#.####


You could see a kobold brigand, a gnoll sergeant (ally target), a gnoll and a
friendly bullfrog (summoned).


Message History

You are too injured to fight recklessly!
You are too injured to fight recklessly!
You are too injured to fight recklessly!
You are too injured to fight recklessly!
You are too injured to fight recklessly!
You are too injured to fight recklessly!
You are too injured to fight recklessly!
You are too injured to fight recklessly!
You are too injured to fight recklessly!
You are too injured to fight recklessly!
You are too injured to fight recklessly!
Unknown command.
You miss the kobold brigand. Your bite misses the kobold brigand.
The kobold hits you with a +0 dagger.
The kobold hits you with a +0 short sword.
A gnoll comes into view. It is wielding a +0 spear.
The kobold brigand hits you with a +0 club! 😮 HP[-9]
You take 9 damage, and now have 51/74 hp.
You closely miss the kobold brigand.
The gnoll shouts!
Your bite misses the kobold brigand. The kobold hits you with a +0 dagger.
The kobold hits you with a +0 short sword.
The kobold brigand hits you with a +0 club.
The kobold closely misses you. 😮 HP[-8]
You take 8 damage, and now have 43/74 hp.
The kobold attacks as you move away! The kobold misses you.
The kobold hits you but does no damage.
Unknown command.
You draw a card...
You have drawn Wild Magic.
The kobold is blasted with fire.
You kill the kobold!
The gnoll sergeant shivers.
The kobold shivers.
You kill the kobold!
Rocks fall onto the kobold brigand out of nowhere.
The kobold looks rather nauseous for a moment.
The kobold is poisoned.
The gnoll shivers.
You feel a surge of magic. 😮 HP[+1] Unknown command.
Unknown command.
You draw a card...
You have drawn the Orb.
Press: ? - help, Shift-Dir - straight line, f - gnoll sergeant
Aim: a gnoll sergeant, wielding a +0 dire flail and wearing a +0 ring mail (lightly wounded)
Your orb of destruction hits a rock wall. x3
The wavering orb of destruction weakly hits the gnoll sergeant!
Your orb of destruction hits a rock wall. x2
The gnoll sergeant closely misses you.
Your orb of destruction hits a rock wall.
Unknown command.
You hit the gnoll sergeant.
The kobold dies!
The gnoll sergeant hits you with a +0 dire flail!
* * * LOW HITPOINT WARNING * * *
😨 HP[-11]
You take 11 damage, and now have 33/74 hp.
Unknown command.
You draw a card...
You have drawn the Tomb.
Walls emerge from the floor!
The gnoll sergeant hits you with a +0 dire flail.
* * * LOW HITPOINT WARNING * * *
The gnoll hits you from afar with a +0 spear.
* * * LOW HITPOINT WARNING * * *
😨 HP[-10]
You take 10 damage, and now have 23/74 hp.
Okay, then.
You closely miss the gnoll sergeant.
The gnoll hits you from afar with a +0 spear!
* * * LOW HITPOINT WARNING * * *
The gnoll sergeant closely misses you. 😱 HP[-6]
You take 6 damage, and now have 17/74 hp.
Unknown command.
Okay, then.
As you read the scroll of summoning, it crumbles to dust.
Wisps of shadow whirl around you... The gnoll closely misses you.
The gnoll sergeant hits you with a +0 dire flail!
* * * LOW HITPOINT WARNING * * *
😱 HP[-8]
You take 8 damage, and now have 9/74 hp.
Unknown command.
You deal a card...
You have dealt the Elixir.
You begin rapidly regenerating health and magic.
You deal a card...
You have dealt the Tomb.
Nothing appears to happen.
You deal a card...
You have dealt Exile.
You deal a card...
You have dealt the Cloud.
Clouds appear around you! The gnoll misses you.
The gnoll sergeant closely misses you.
Your bullfrog hits the gnoll sergeant. 😱 HP[+7] MP[-6]
You regained 7 hp, and now have 16/74 hp.
You lost 6 mp, and now have 14/20 mp.
Unknown command.
You barely miss the gnoll sergeant. Your bite misses the gnoll sergeant.
Your bullfrog hits the gnoll sergeant. The gnoll closely misses you.
The gnoll sergeant hits you with a +0 dire flail!
* * * LOW HITPOINT WARNING * * *
Your bullfrog misses the gnoll sergeant.
The gnoll sergeant hits you with a +0 dire flail!
* * * LOW HITPOINT WARNING * * *
The gnoll hits you from afar with a +0 spear.
You die...
Your body glows with a rainbow of weird colours and disappears.

Skill      XL: |  1  2  3  4  5  6  7  8  9 10 |
---------------+-------------------------------+-----
Transmutations | 2 3 4 |  4.7
Spellcasting   | 5 6 7 |  7.1
Invocations    | 1 2 3 4 5 |  5.5
Fighting       | 1 2 3 4 5 |  5.0
Short Blades   | 1 2 3 4 5 |  5.0
Long Blades    | 1 2 3 4 5 |  5.0
Axes           | 1 2 3 4 5 |  5.0
Maces & Flails | 1 2 3 4 5 |  5.0
Polearms       | 1 2 3 4 5 |  5.0
Staves         | 1 2 3 4 5 |  5.0
Slings         | 1 2 3 4 5 |  5.0
Bows           | 1 2 3 4 5 |  5.0
Crossbows      | 1 2 3 4 5 |  5.0
Throwing       | 1 2 3 4 5 |  5.0
Armour         | 1 2 3 4 5 |  5.0
Shields        | 1 2 3 4 5 |  5.0
Unarmed Combat | 1 2 3 4 5 |  5.0
Evocations     | 1 2 3 4 5 |  5.0
Conjurations   | 1 2 3 4 |  4.1
Hexes          | 1 2 3 4 |  4.1
Summonings     | 1 2 3 4 |  4.1
Necromancy     | 1 2 3 4 |  4.1
Translocations | 1 2 3 4 |  4.1
Fire Magic     | 1 2 3 4 |  4.1
Ice Magic      | 1 2 3 4 |  4.1
Air Magic      | 1 2 3 4 |  4.1
Poison Magic   | 1 2 3 4 |  4.1
Dodging        | 5 6 |  6.8
Stealth        | 5 6 |  6.6
Earth Magic    | 6 |  6.9

Action                   |  1- 3 |  4- 6 |  7- 9 | 10-12 || total
-------------------------+-------+-------+-------+-------++-------
Melee: Unarmed           |     4 |    48 |       |       ||    52
       Bite              |       |     6 |    15 |       ||    21
       Mace              |       |    40 |   151 |    16 ||   207
       Punch             |       |       |     6 |       ||     6
Throw: Stone             |       |    32 |   105 |    36 ||   173
 Cast: Sandblast         |    51 |     2 |       |       ||    53
       Stone Arrow       |       |    27 |    41 |       ||    68
Invok: Draw Destruction  |       |     3 |     7 |     2 ||    12
       Draw Summoning    |       |     1 |     2 |       ||     3
       Triple Draw       |       |       |     2 |       ||     2
       Deal Four         |       |       |     4 |     1 ||     5
       Draw Escape       |       |       |     3 |     1 ||     4
  Use: Potion            |       |     8 |       |       ||     8
       Scroll            |       |       |    10 |     1 ||    11
 Stab: Sleeping          |       |     3 |       |       ||     3
       Distracted        |       |       |     1 |       ||     1
Armor: Robe              |     4 |    34 |    49 |     3 ||    90
Dodge: Dodged            |    11 |    72 |   113 |    18 ||   214

Levels and vault maps discovered:
D:1:      nagdon_arrival_double_spiral, layout_loops_ring,
          ebering_ecumenical_altar_hall, roderic_lattice_a
D:2:      layout_rooms, corexii_hall_statues_u
D:3:      layout_loops_ring, dk_yredelemnul_ordeal
D:4:      layout_basic, minitemple, serial_rivers,
          chequers_serial_rivers_small_a, chequers_serial_rivers_small_a,
          chequers_serial_rivers_micro_b, chequers_serial_rivers_small_b
D:5:      layout_loops_ring, okawaru_metal_pillars_3, kennysheep_orc_sif_temple,
          fedhas_altar_decomposition, chequers_decorated_corner,
          chequers_arboretum, minivault_4
D:6:      layout_gridville, temple_fountains, grunt_tough_drop,
          uniq_crazy_yiuf_cottage
D:7:      layout_loops_ring, grunt_dithmenos_smoke_and_mirrors,
          trog_hazing_becter, nicolae_overflow_squiral,
          nicolae_shop_firing_range
D:8:      layout_loops_ring, kennysheep_little_box,
          lemuel_coloured_pillars_altar, nicolae_alphabet_shops, hex_tiny,
          skrybe_limestone_x, minmay_misc_feat_five, uniq_erica

Notes
Turn   | Place    | Note
-------+----------+-------------------------------------------
     0 | D:1      | spaghetti the Gnoll Earth Elementalist began the quest for
                  | the Orb.
     0 | D:1      | Reached XP level 1. HP: 13/13 MP: 6/6
     0 | D:1      | magus.rc [v1.9.6]
   236 | D:1      | Reached skill level 2 in Transmutations
   296 | D:1      | Found a faded altar of an unknown god.
   320 | D:1      | Prayed at the altar of an unknown god.
   320 | D:1      | Became a worshipper of Nemelex Xobeh the Trickster
   320 | D:1      | Reached * piety under Nemelex Xobeh
   342 | D:1      | Reached XP level 2. HP: 19/19 MP: 5/7
   668 | D:1      | Received a gift from Nemelex Xobeh
  1468 | D:2      | Reached skill level 5 in Spellcasting
  1468 | D:2      | Reached XP level 3. HP: 25/25 MP: 5/9
  1549 | D:2      | You fall into a shaft and drop 1 floor!
  1594 | D:2      | Reached skill level 1 in Invocations
  1761 | D:2      | Reached ** piety under Nemelex Xobeh
  1789 | D:2      | Reached skill level 1 in Fighting
  1789 | D:2      | Reached skill level 1 in Short Blades
  1789 | D:2      | Reached skill level 1 in Long Blades
  1789 | D:2      | Reached skill level 1 in Axes
  1789 | D:2      | Reached skill level 1 in Maces & Flails
  1789 | D:2      | Reached skill level 1 in Polearms
  1789 | D:2      | Reached skill level 1 in Staves
  1789 | D:2      | Reached skill level 1 in Slings
  1789 | D:2      | Reached skill level 1 in Bows
  1789 | D:2      | Reached skill level 1 in Crossbows
  1789 | D:2      | Reached skill level 1 in Throwing
  1789 | D:2      | Reached skill level 1 in Armour
  1789 | D:2      | Reached skill level 1 in Shields
  1789 | D:2      | Reached skill level 1 in Unarmed Combat
  1789 | D:2      | Reached skill level 1 in Evocations
  1871 | D:2      | Reached XP level 4. HP: 32/32 MP: 8/11
  1882 | D:2      | Learned a level 2 spell: Passwall
  1886 | D:2      | Learned a level 3 spell: Stone Arrow
  1891 | D:2      | Learned a level 4 spell: Petrify
  2131 | D:3      | Received a gift from Nemelex Xobeh
  2587 | D:3      | Found a runed translucent door.
  2587 | D:3      | Noticed a human
  2597 | D:3      | Gained mutation: You sometimes lose the ability to read
                  | scrolls when taking damage. [potion of mutation]
  2597 | D:3      | Lost mutation: You sometimes lose the ability to read
                  | scrolls when taking damage. [potion of mutation]
  2597 | D:3      | Gained mutation: You have supernaturally acute eyesight.
                  | (SInv) [potion of mutation]
  2597 | D:3      | Gained mutation: You have a pair of small antennae on your
                  | head. [potion of mutation]
  2613 | D:3      | HP: 2/32 [orc wizard/magic dart (8)]
  2627 | D:3      | Found a basalt altar of Yredelemnul.
  2632 | D:3      | Reached skill level 1 in Conjurations
  2632 | D:3      | Reached skill level 1 in Hexes
  2632 | D:3      | Reached skill level 1 in Summonings
  2632 | D:3      | Reached skill level 1 in Necromancy
  2632 | D:3      | Reached skill level 1 in Translocations
  2632 | D:3      | Reached skill level 1 in Fire Magic
  2632 | D:3      | Reached skill level 1 in Ice Magic
  2632 | D:3      | Reached skill level 1 in Air Magic
  2632 | D:3      | Reached skill level 1 in Poison Magic
  2798 | D:3      | HP: 8/32 [poisoned by an adder]
  3380 | D:4      | Noticed a phantom
  3448 | D:4      | Reached XP level 5. HP: 37/37 MP: 8/12
  3598 | D:4      | Received a gift from Nemelex Xobeh
  3900 | D:4      | Reached *** piety under Nemelex Xobeh
  3927 | D:4      | Killed a phantom
  4009 | D:4      | You add the spells Tukima's Dance, Passage of Golubria and
                  | Yara's Violent Unravelling to your library.
  4100 | D:4      | Reached skill level 2 in Invocations
  4100 | D:4      | Reached XP level 6. HP: 41/44 MP: 13/13
  4348 | D:4      | Received a gift from Nemelex Xobeh
  4365 | D:4      | Found a stormy altar of Qazlal.
  4370 | D:4      | Found a sparkling altar of Nemelex Xobeh.
  4412 | D:5      | Entered Level 5 of the Dungeon
  4414 | D:5      | Noticed a black bear
  4422 | D:5      | Killed a black bear
  4423 | D:5      | Reached skill level 2 in Fighting
  4423 | D:5      | Reached skill level 2 in Short Blades
  4423 | D:5      | Reached skill level 2 in Long Blades
  4423 | D:5      | Reached skill level 2 in Axes
  4423 | D:5      | Reached skill level 2 in Maces & Flails
  4423 | D:5      | Reached skill level 2 in Polearms
  4423 | D:5      | Reached skill level 2 in Staves
  4423 | D:5      | Reached skill level 2 in Slings
  4423 | D:5      | Reached skill level 2 in Bows
  4423 | D:5      | Reached skill level 2 in Crossbows
  4423 | D:5      | Reached skill level 2 in Throwing
  4423 | D:5      | Reached skill level 2 in Armour
  4423 | D:5      | Reached skill level 5 in Dodging
  4423 | D:5      | Reached skill level 2 in Shields
  4423 | D:5      | Reached skill level 2 in Unarmed Combat
  4423 | D:5      | Reached skill level 2 in Evocations
  4597 | D:5      | Reached XP level 7. HP: 42/50 MP: 8/15
  4942 | D:5      | Found a shimmering blue altar of Sif Muna.
  5085 | D:5      | Found an iron altar of Okawaru.
  5169 | D:5      | Reached skill level 2 in Conjurations
  5169 | D:5      | Reached skill level 2 in Hexes
  5169 | D:5      | Reached skill level 2 in Summonings
  5169 | D:5      | Reached skill level 2 in Necromancy
  5169 | D:5      | Reached skill level 2 in Translocations
  5169 | D:5      | Reached skill level 2 in Fire Magic
  5169 | D:5      | Reached skill level 2 in Ice Magic
  5169 | D:5      | Reached skill level 2 in Air Magic
  5169 | D:5      | Reached skill level 2 in Poison Magic
  5293 | D:5      | Reached skill level 3 in Transmutations
  5480 | D:5      | Reached skill level 5 in Stealth
  5577 | D:5      | Reached **** piety under Nemelex Xobeh
  5584 | D:5      | Received a gift from Nemelex Xobeh
  5605 | D:5      | Reached skill level 3 in Invocations
  5775 | D:5      | Identified the ring of the Catfish {rElec SInv}
  5929 | D:5      | Found a blossoming altar of Fedhas.
  5943 | D:5      | Reached skill level 6 in Earth Magic
  5943 | D:5      | Reached XP level 8. HP: 53/57 MP: 1/16
  5953 | D:5      | Reached skill level 3 in Fighting
  5953 | D:5      | Reached skill level 3 in Short Blades
  5953 | D:5      | Reached skill level 3 in Long Blades
  5953 | D:5      | Reached skill level 3 in Axes
  5953 | D:5      | Reached skill level 3 in Maces & Flails
  5953 | D:5      | Reached skill level 3 in Polearms
  5953 | D:5      | Reached skill level 3 in Staves
  5953 | D:5      | Reached skill level 3 in Slings
  5953 | D:5      | Reached skill level 3 in Bows
  5953 | D:5      | Reached skill level 3 in Crossbows
  5953 | D:5      | Reached skill level 3 in Throwing
  5953 | D:5      | Reached skill level 3 in Armour
  5953 | D:5      | Reached skill level 3 in Shields
  5953 | D:5      | Reached skill level 3 in Unarmed Combat
  5953 | D:5      | Reached skill level 3 in Evocations
  6382 | D:6      | Reached skill level 6 in Spellcasting
  6622 | D:6      | Noticed a wyvern
  6624 | D:6      | Killed a wyvern
  6775 | D:6      | Reached skill level 3 in Conjurations
  6775 | D:6      | Reached skill level 3 in Hexes
  6775 | D:6      | Reached skill level 3 in Summonings
  6775 | D:6      | Reached skill level 3 in Necromancy
  6775 | D:6      | Reached skill level 3 in Translocations
  6775 | D:6      | Reached skill level 3 in Fire Magic
  6775 | D:6      | Reached skill level 3 in Ice Magic
  6775 | D:6      | Reached skill level 3 in Air Magic
  6775 | D:6      | Reached skill level 3 in Poison Magic
  6775 | D:6      | Reached skill level 4 in Invocations
  7100 | D:6      | Received a gift from Nemelex Xobeh
  7126 | D:6      | Reached skill level 6 in Dodging
  7158 | D:6      | Found a runed translucent door.
  7159 | D:6      | Noticed Crazy Yiuf
  7179 | D:6      | Noticed a wyvern
  7198 | D:6      | Killed a wyvern
  7199 | D:6      | Reached XP level 9. HP: 25/65 MP: 14/18
  7218 | D:6      | Identified the -2 hand axe "Ofudurghu" {freeze, rC- Str+3
                  | Int+3 Dex+8}
  7220 | D:6      | Killed Crazy Yiuf
  7284 | D:6      | Identified the +9 mace of Demonic Honour {venom, Str+2
                  | Int+3}
  7457 | D:6      | Found a staircase to the Ecumenical Temple.
  7801 | D:6      | Received a gift from Nemelex Xobeh
  7837 | D:6      | Reached skill level 4 in Fighting
  7837 | D:6      | Reached skill level 4 in Short Blades
  7837 | D:6      | Reached skill level 4 in Long Blades
  7837 | D:6      | Reached skill level 4 in Axes
  7837 | D:6      | Reached skill level 4 in Maces & Flails
  7837 | D:6      | Reached skill level 4 in Polearms
  7837 | D:6      | Reached skill level 4 in Staves
  7837 | D:6      | Reached skill level 4 in Slings
  7837 | D:6      | Reached skill level 4 in Bows
  7837 | D:6      | Reached skill level 4 in Crossbows
  7837 | D:6      | Reached skill level 4 in Throwing
  7837 | D:6      | Reached skill level 4 in Armour
  7837 | D:6      | Reached skill level 4 in Shields
  7837 | D:6      | Reached skill level 4 in Unarmed Combat
  7837 | D:6      | Reached skill level 4 in Transmutations
  7837 | D:6      | Reached skill level 4 in Evocations
  8202 | D:7      | Reached skill level 6 in Stealth
  8341 | D:7      | Found a glowing silver altar of Zin.
  8881 | D:7      | Found a shadowy altar of Dithmenos.
  8919 | D:7      | Found Kemic's Firing Range.
  9127 | D:7      | HP: 10/66 [electric eel/bolt of electricity (8)]
  9482 | D:8      | Reached skill level 5 in Invocations
  9784 | D:8      | Received a gift from Nemelex Xobeh
  9817 | D:8      | Found an opulent altar of Gozag.
  9919 | D:8      | Noticed Erica
  9926 | D:8      | HP: 14/66 [poisoned by Erica (bolt of poison)]
  9931 | D:8      | Killed Erica
  9932 | D:8      | Reached skill level 7 in Spellcasting
  9932 | D:8      | Reached skill level 4 in Conjurations
  9932 | D:8      | Reached skill level 4 in Hexes
  9932 | D:8      | Reached skill level 4 in Summonings
  9932 | D:8      | Reached skill level 4 in Necromancy
  9932 | D:8      | Reached skill level 4 in Translocations
  9932 | D:8      | Reached skill level 4 in Fire Magic
  9932 | D:8      | Reached skill level 4 in Ice Magic
  9932 | D:8      | Reached skill level 4 in Air Magic
  9932 | D:8      | Reached skill level 4 in Poison Magic
  9932 | D:8      | Reached XP level 10. HP: 34/73 MP: 20/20
 10143 | D:8      | Found Ddousk's Desiderata Depot.
 10350 | D:8      | Reached skill level 5 in Fighting
 10350 | D:8      | Reached skill level 5 in Short Blades
 10350 | D:8      | Reached skill level 5 in Long Blades
 10350 | D:8      | Reached skill level 5 in Axes
 10350 | D:8      | Reached skill level 5 in Maces & Flails
 10350 | D:8      | Reached skill level 5 in Polearms
 10350 | D:8      | Reached skill level 5 in Staves
 10350 | D:8      | Reached skill level 5 in Slings
 10350 | D:8      | Reached skill level 5 in Bows
 10350 | D:8      | Reached skill level 5 in Crossbows
 10350 | D:8      | Reached skill level 5 in Throwing
 10350 | D:8      | Reached skill level 5 in Armour
 10350 | D:8      | Reached skill level 5 in Shields
 10350 | D:8      | Reached skill level 5 in Unarmed Combat
 10350 | D:8      | Reached skill level 5 in Evocations
 10350 | D:8      | Found a burning altar of Makhleb.
 10631 | D:8      | HP: 17/74 [gnoll/+0 spear (7)]
 10634 | D:8      | HP: 1/74 [gnoll sergeant/+0 dire flail (15)]
 10634 | D:8      | Slain by a gnoll

Vanquished Creatures
  3 wyverns
  A wraith (D:8)
  A black bear (D:5)
  An orc warrior (D:7)
  An ice beast (D:6)
  2 ogres (D:7)
  2 phantoms
  A kobold brigand (D:8)
  A gnoll sergeant (D:7)
  3 bullfrogs
  6 necrophages
  2 scorpions (D:6)
  2 howler monkeys
  2 jellies
  3 hounds
  3 orc priests
  5 iguanas
  5 orc wizards
  2 killer bee zombies (D:5)
  A howler monkey zombie (D:5)
  9 gnolls
  3 adders
  A shadow imp (D:5)
  2 white imps
  A worm (D:2)
  4 dart slugs
  19 orcs
  6 bats
  3 endoplasms
  2 giant cockroaches (D:1)
  11 goblins
  10 hobgoblins
  2 jackals (D:1)
  2 quokkas
  3 ball pythons
  6 frilled lizards
  9 kobolds
  4 rats
144 creatures vanquished.

Vanquished Creatures (collateral kills)
  Erica (D:8)
  A sky beast (D:6)
  A bullfrog (D:8)
  A jelly (D:6)
  Crazy Yiuf (D:6)
  An orc wizard (D:6)
  3 orcs
9 creatures vanquished.

Vanquished Creatures (others)
  A kobold (D:8)
  4 bushes (D:5)
  A fungus (D:6)
  13 plants (D:5)
19 creatures vanquished.

Grand Total: 172 creatures vanquished

Table legend:
 A = Non-vault XP
 B = Vault XP
 C = Vault XP percentage of total XP
 D = Non-vault monster count
 E = Vault monster count
 F = Vault count percentage of total count
                 A         B        C        D         E       F
            +---------+---------+-------+---------+---------+-------
      Total |    3847 |    1438 |  27.2 |     136 |      18 |  11.7
            +---------+---------+-------+---------+---------+-------
        D:1 |      31 |       0 |   0.0 |      17 |       0 |   0.0
        D:2 |      52 |       0 |   0.0 |      17 |       0 |   0.0
        D:3 |      78 |       0 |   0.0 |      20 |       0 |   0.0
        D:4 |     201 |       0 |   0.0 |      10 |       0 |   0.0
        D:5 |     592 |     458 |  43.6 |      14 |       9 |  39.1
        D:6 |    1200 |     129 |   9.7 |      22 |       2 |   8.3
        D:7 |     980 |      12 |   1.2 |      17 |       6 |  26.1
        D:8 |     713 |     839 |  54.1 |      19 |       1 |   5.0
            +---------+---------+-------+---------+---------+-------

Illustrated notes

Table legend:
 A = Kills in this place as a percentage of kills in entire the game.
 B = Kills by you in this place as a percentage of kills by you in the entire game.
 C = Kills by friends in this place as a percentage of kills by friends in the entire game.
 D = Other kills in this place as a percentage of other kills in the entire game.
 E = Experience gained in this place as a percentage of experience gained in the entire game.
 F = Experience gained in this place divided by the number of levels of this place that you have seen.
                   A       B       C       D       E      F
               +-------+-------+-------+-------+-------+----------------------
         Total | 100.0 | 100.0 | 100.0 | 100.0 | 100.0 | 660.6
       Dungeon | 100.0 | 100.0 | 100.0 | 100.0 | 100.0 | 660.6
               +-------+-------+-------+-------+-------+----------------------

Table legend: (Time is in decaauts)
 A = Elapsed time spent in this place.
 B = Non-inter-level travel time spent in this place.
 C = Inter-level travel time spent in this place.
 D = Time resting spent in this place.
 E = Time spent auto-exploring this place.
 F = Levels seen in this place.
 G = Mean time per level.
                   A        B        C        D        E       F      G
               +--------+--------+--------+--------+--------+-----+--------+
         Total |  10699 |  10367 |    332 |   2149 |   6947 |   8 | 1337.4 |
       Dungeon |  10699 |  10367 |    332 |   2149 |   6947 |   8 | 1337.4 |
               +--------+--------+--------+--------+--------+-----+--------+

Top non-repeatable levels by time:
     D:5: 1928 daAuts
     D:6: 1878 daAuts
     D:1: 1423 daAuts
     D:3: 1320 daAuts
     D:8: 1232 daAuts
     D:7: 1232 daAuts
     D:4: 1048 daAuts
     D:2: 636 daAuts
